AoeStats
← Waffle_Time30

Arena

508808604Analyzed
4v4 RM · 9d ago on Sep 24, 2026· 58m 41s· 8 players
Game mode
Random Map
Map size
Large (8 player)
Population
200
Speed
Normal
Resources
Standard
Victory
Conquest
Starting age
Dark Age
Ending age
Imperial Age
RankedLock teamsTeams togetherTeam positionsShared explorationLock speedFull tech treeHidden civsTurbo modeCheats
Victory
Defeat
🇲🇽 Britons · Mexico
1191
+13
🇺🇾 Tupi · Uruguay
1167
+14
🇦🇺 Magyars · Australia
1133
+15
🇨🇳 Franks · China
1113
+15
🇵🇰 Bohemians · Pakistan
1152
-16
🇲🇽 Mongols · Mexico
1139
-15
🇪🇪 Hindustanis · Estonia
1093
-13
🇺🇸 Varangians · United States
1088
-13
BLOO
3:27 Loom
10:39 Feudal Age
11:18 Double-Bit Axe
11:23 Horse Collar
18:09 Castle Age
17:41 Bloodlines
19:03 Bow Saw
19:00 Heavy Plow
19:24 Scale Barding Armor
23:43 Wheelbarrow
31:26 Town Watch
32:19 Hand Cart
32:56 Light Cavalry
34:13 Chain Barding Armor
34:04 Forging
33:47 Gold Mining
34:54 Ballistics
35:18 Husbandry
36:16 Masonry
39:39 Imperial Age
39:27 Caravan
40:32 Iron Casting
39:57 Elite Jarl
40:47 Hussar
42:26 Conscription
42:05 Guard Tower
43:16 Chemistry
42:56 Plate Barding Armor
43:22 Blast Furnace
42:48 Conscription
42:34 Capped Ram
46:09 Architecture
46:12 Guilds
47:57 Conscription
preCoss
10:09 Feudal Age
14:20 Castle Age
13:01 Double-Bit Axe
15:13 Bow Saw
15:39 Loom
22:30 Town Watch
22:29 Horse Collar
23:22 Heavy Plow
24:23 Fletching
25:03 Ballistics
25:24 Bodkin Arrow
26:02 Padded Archer Armor
27:22 Wheelbarrow
26:43 Gold Mining
29:49 Leather Archer Armor
30:10 Bloodlines
30:00 Husbandry
30:44 Hand Cart
31:10 Gold Shaft Mining
36:45 Imperial Age
35:27 Thumb Ring
36:57 Elite Mangudai
37:46 Bracer
39:01 Chemistry
40:20 Hoardings
39:57 Masonry
maxokol
10:30 Feudal Age
14:33 Castle Age
12:53 Horse Collar
13:00 Double-Bit Axe
14:17 Gold Mining
17:05 Loom
20:51 Scale Barding Armor
21:49 Forging
22:04 Town Watch
23:19 Bloodlines
23:27 Bow Saw
25:17 Chain Barding Armor
26:11 Iron Casting
31:12 Imperial Age
30:28 Fortified Wall
30:52 Fletching
31:25 Ballistics
31:25 Heavy Camel Rider
32:41 Plate Barding Armor
32:50 Gold Shaft Mining
32:18 Grand Trunk Road
33:13 Wheelbarrow
34:00 Blast Furnace
35:09 Bodkin Arrow
35:23 Siege Engineers
35:44 Conscription
36:55 Bracer
36:59 Imperial Camel Rider
38:35 Masonry
43:37 Husbandry
47:16 Caravan
48:20 Scale Mail Armor
50:41 Hoardings
52:16 Light Cavalry
56:19 Town Patrol
56:20 Hussar
khamz
10:05 Feudal Age
13:48 Castle Age
12:04 Double-Bit Axe
12:35 Horse Collar
15:01 Bow Saw
17:48 Fervor
18:37 Wheelbarrow
19:43 Heavy Plow
22:13 Hand Cart
21:47 Town Watch
22:13 Loom
27:34 Imperial Age
25:47 Fletching
25:57 Padded Archer Armor
27:01 Chemistry
26:21 Ballistics
27:09 Elite Skirmisher
27:45 Bodkin Arrow
28:06 Leather Archer Armor
28:31 Sanctity
28:42 Bracer
29:58 Two-Man Saw
30:13 Wagenburg Tactics
30:29 Conscription
30:27 Leather Archer Armor
30:32 Loom
31:53 Siege Engineers
33:27 Squires
32:47 Pikeman
34:03 Ring Archer Armor
33:29 Pikeman
34:51 Masonry
35:04 Houfnice
35:43 Halberdier
36:25 Scale Mail Armor
36:35 Forging
39:37 Chain Mail Armor
39:58 Iron Casting
40:04 Guilds
40:32 Arson
46:18 Caravan
47:22 Plate Mail Armor
49:12 Blast Furnace
49:20 Blast Furnace
Hari_Seldon
10:50 Feudal Age
11:07 Feudal Age
15:13 Castle Age
13:47 Double-Bit Axe
14:29 Horse Collar
15:31 Stone Mining
23:37 Wheelbarrow
24:46 Town Watch
24:48 Loom
25:33 Bow Saw
26:22 Hand Cart
27:12 Heavy Plow
27:06 Gold Mining
26:51 Crossbowman
27:23 Fletching
28:11 Bodkin Arrow
29:07 Fortified Wall
30:08 Gold Shaft Mining
33:27 Imperial Age
31:01 Padded Archer Armor
33:06 Scale Mail Armor
33:24 Leather Archer Armor
33:33 Forging
34:20 Chain Mail Armor
33:26 Pikeman
34:56 Squires
34:30 Capped Ram
37:26 Two-Man Saw
38:05 Plate Mail Armor
38:28 Iron Casting
38:16 Halberdier
38:56 Capped Ram
41:15 Blast Furnace
39:45 Elite Skirmisher
39:57 Heavy Scorpion
41:51 Bracer
44:15 Ring Archer Armor
46:43 Arbalester
52:14 Ballistics
55:36 Chemistry
59:06 Town Patrol
Gyurkobeats
9:59 Feudal Age
14:16 Castle Age
12:30 Double-Bit Axe
13:26 Horse Collar
13:57 Gold Mining
15:29 Bow Saw
17:58 Fletching
20:23 Gold Shaft Mining
23:14 Loom
23:40 Heavy Plow
24:20 Bodkin Arrow
25:51 Padded Archer Armor
28:16 Leather Archer Armor
28:56 Wheelbarrow
29:50 Ballistics
31:04 Hand Cart
35:01 Imperial Age
32:17 Town Watch
33:22 Squires
33:26 Scale Mail Armor
35:04 Elite Blackwood Archer
36:06 Conscription
37:20 Chemistry
36:36 Bracer
39:01 Ring Archer Armor
40:40 Hoardings
41:24 Curare
43:57 Forging
44:02 Chain Mail Armor
46:59 Plate Mail Armor
47:04 Iron Casting
46:51 Caciques
52:38 Two-Man Saw
51:56 Pikeman
53:13 Arrowslits
53:25 Murder Holes
53:35 Elite Ibirapema Warrior
54:01 Arson
56:39 Halberdier
Waffle_Time30
10:20 Feudal Age
9:08 Loom
15:14 Castle Age
17:10 Double-Bit Axe
17:24 Horse Collar
27:08 Fletching
27:23 Scale Barding Armor
27:25 Heavy Plow
27:37 Bow Saw
27:19 Gold Mining
27:19 Stone Mining
28:19 Ballistics
28:30 Bodkin Arrow
30:08 Pikeman
30:34 Arson
30:52 Scale Mail Armor
31:13 Chain Barding Armor
30:51 Light Cavalry
31:42 Bloodlines
31:32 Husbandry
33:05 Wheelbarrow
36:20 Imperial Age
34:33 Corvinian Army
37:00 Gold Shaft Mining
36:16 Stone Mining
37:21 Bracer
37:57 Plate Barding Armor
41:54 Heavy Cavalry Archer
42:59 Parthian Tactics
42:48 Elite Magyar Huszar
43:52 Padded Archer Armor
47:30 Chemistry
48:36 Plate Barding Armor
48:19 Leather Archer Armor
48:55 Recurve Bow
49:21 Caravan
50:29 Conscription
56:18 Coinage
坐龙椅穿龙袍
10:38 Feudal Age
11:57 Wheelbarrow
15:26 Castle Age
14:05 Double-Bit Axe
16:34 Bow Saw
21:00 Scale Barding Armor
20:48 Gold Mining
22:41 Chain Barding Armor
23:32 Husbandry
24:35 Gold Shaft Mining
24:44 Forging
27:29 Hand Cart
27:54 Iron Casting
29:15 Loom
30:12 Treadmill Crane
31:00 Fletching
31:22 Masonry
31:24 Fortified Wall
31:43 Town Watch
32:23 Bodkin Arrow
33:56 Ballistics
33:41 Town Patrol
38:31 Imperial Age
38:35 Cavalier
40:02 Plate Barding Armor
40:27 Blast Furnace
40:51 Blast Furnace
41:45 Paladin
51:26 Hoardings
52:18 Caravan
54:12 Light Cavalry
Connection lost

Rejoining the realm…

Still unreachable

The connection could not be restored.

Session expired

The server has moved on; the page needs a fresh start.